 Dungeon Crawl Stone Soup version 0.32-a0-473-gd044c6f0f0 (webtiles) character file.

Game seed: 12637609025889996644

260 cforsyth the Chopper (level 6, -4/48 HPs)
             Began as a Coglin Gladiator on Feb 26, 2024.
             Slain by Pikel
             ... wielding a +0 whip of flaming
              (7 damage)
             ... on level 4 of the Dungeon.
             The game lasted 00:04:22 (2601 turns).

cforsyth the Chopper (Coglin Gladiator)             Turns: 2601, Time: 00:04:23

Health: -4/48      AC:  5    Str: 16    XL:     6   Next: 17%
Magic:  6/6        EV: 12    Int:  8    God:
Gold:   162        SH:  0    Dex: 15    Spells: 5/5 levels left

rFire   . . .        a - +0 war axe {Eunkyung}
rCold   . . .        u - +0 hand axe {Kyogo}
rNeg    . . .        b - +0 leather armour
rPois   .            c - +0 helmet
rElec   .            r - +0 cloak
rCorr   .            (no gloves)
SInv    .            (no boots)
Will    .....        (no amulet)
Stlth   +            (ring unavailable)
HPRegen 0.28/turn    (ring unavailable)
MPRegen 0.10/turn

%: no passive effects
@: revved
A: off-hand wielding, slow wielding, warmup strikes, no rings
a: no special abilities


You were on level 4 of the Dungeon.
You visited 1 branch of the dungeon, and saw 4 of its levels.

You collected 162 gold pieces.


Innate Abilities, Weirdness & Mutations

You can wield a second weapon in your off-hand.
It takes a long time for you to wield or remove held weapons.
Your first few attacks do less damage.
Your grasper-arms cannot wear rings.


   Skills:
 + Level 4.0 Fighting
 + Level 4.5 Axes
 - Level 1.7 Throwing
 + Level 2.8 Armour
 - Level 2.6 Dodging


You had 5 spell levels left.
You didn't know any spells.
Your spell library contained the following spells:

 Spells                   Type           Power      Damage    Failure   Level
 Kiss of Death            Conj/Necr      0%         2d5       45%         1
 Mercury Vapours          Alch/Air       0%         N/A       61%         2
 Confusing Touch          Hex            0%         N/A       83%         3
 Mephitic Cloud           Conj/Alch/Air  0%         N/A       83%         3
 Dispel Undead            Necr           0%         3d6       99%         4
 Freezing Cloud           Conj/Ice/Air   0%         6-21      100%        5
 Summon Forest            Summ/Tloc      0%         N/A       100%        5
 Eringya's Noxious Bog    Alch           0%         4d6       100%        6
 Summon Hydra             Summ           0%         N/A       100%        7

Inventory:

Hand Weapons
 a - a +0 war axe (weapon) {Eunkyung}
 p - a +0 whip {Sukanya}
 u - a +0 hand axe (offhand) {Kyogo}
Missiles
 d - 3 throwing nets (quivered) {=f}
 e - a javelin
Armour
 b - a +0 leather armour (worn)
 c - a +0 helmet (worn)
 r - a +0 cloak (worn)
Jewellery
 m - an amulet of the acrobat
Wands
 A - a wand of iceblast (10)
Scrolls
 i - 2 scrolls of revelation {unknown}
 j - 4 scrolls of teleportation {unknown}
 k - a scroll of acquirement {unknown}
 n - a scroll of noise {unknown}
 q - a scroll of torment {unknown}
 t - 2 scrolls of blinking {unknown}
 v - a scroll of fog {unknown}
 w - 3 scrolls of identify {unknown}
 y - a scroll of poison {unknown}
 z - a scroll of silence {unknown}
 B - a scroll of brand weapon {unknown}
Potions
 f - a potion of berserk rage {unknown}
 g - 2 potions of brilliance {unknown}
 h - 2 potions of mutation {unknown}
 l - 2 potions of heal wounds {unknown}
 o - 2 potions of curing {unknown}
 s - a potion of attraction {unknown}
 x - 2 potions of resistance {unknown}

Dungeon Overview and Level Annotations

Branches:
Dungeon (4/15)
 Temple: D:4-7

Altars:

Annotations:
D:4 Pikel

▒ ▒▒.▒▒▒▒▒▒...▒▒ ▒▒......... ▒
▒.▒ ▒▒▒..▒▒▒ ▒▒▒.......... ▒▒ ▒.▒
▒▒...▒▒▒........†... .▒▒▒▒.▒
▒▒▒.....▒.......... ...▒▒.▒▒▒
▒▒........▒▒..▒▒▒.▒ ▒▒..▒...▒
▒........▒▒.......▒ ▒▒▒.▒▒▒.▒
▒........▒▒..###..▒ ▒
▒.▒▒▒.▒▒▒▒▒▒▒5.......▒▒..#?#..▒
▒▒▒.▒..........K@..........###.▒▒
..........5.....5..............▒
.........▒▒▒..▒▒..............▒▒
.................†....▒.......▒
▒▒........▒▒▒▒...)....▒.......▒
.......▒▒.▒ ▒........▒.▒▒▒▒▒▒▒
▒.).......▒ ▒.▒.▒▒▒▒▒▒.▒
▒▒.....▒▒.▒▒▒▒)▒.▒ ▒.▒
.................▒ ...


You could see Pikel and 3 lemures.


Message History

You closely miss Pikel with your +0 hand axe.
Pikel is almost dead.
You hit the lemure with your +0 hand axe.
You closely miss Pikel with your +0 war axe.
You barely miss the lemure with your +0 war axe.
Pikel barely misses you.
Unknown command.
You hit Pikel with your +0 war axe.
Pikel is almost dead.
You hit the lemure with your +0 war axe.
You hit the lemure but do no damage. You hit Pikel with your +0 hand axe.
You hit the lemure but do no damage.
You closely miss the lemure with your +0 hand axe.
The lemure closely misses you. The lemure barely misses you.
Pikel hits you with a +0 whip of flaming!
* * * LOW HITPOINT WARNING * * *
Pikel burns you.
* * * LOW HITPOINT WARNING * * *
The lemure closely misses you. x2
You completely miss Pikel with your +0 war axe.
Pikel is almost dead.
The lemure shouts!
You hit the lemure but do no damage.
You hit the lemure with your +0 war axe.
You hit Pikel but do no damage.
You miss the lemure with your +0 hand axe.
You closely miss the lemure with your +0 hand axe.
Pikel hits you with a +0 whip of flaming!
You die...
Pikel says, "Another soul for the market."

Skill      XL: |  1  2  3  4  5  6 |
---------------+-------------------+-----
Armour         | 1 2 |  2.8
Fighting       | 3 4 |  4.0
Axes           | 4 |  4.5
Throwing       | |  1.7
Dodging        | |  2.6

Action                     |  1- 3 |  4- 6 || total
---------------------------+-------+-------++-------
  Melee: War axe           |    82 |    82 ||   164
         Hand axe          |       |    75 ||    75
   Stab: Sleeping          |     2 |       ||     2
 Armour: Leather armour    |    47 |    53 ||   100
  Dodge: Dodged            |    74 |    58 ||   132

Levels and vault maps discovered:
D:1:      amcnicky_arrival_double_pillar, layout_basic,
          dreamdust_mushroom_princess, interstate_on_off
D:2:      layout_basic, uniq_natasha
D:3:      layout_rooms, dreamdust_ecumenical_altar_sealed_demon,
          minmay_fractal_squares_diagonal_5
D:4:      layout_rooms, st_stairs_5, item_on_display_a, uniq_crazy_yiuf_cottage,
          uniq_pikel

Notes
Turn   | Place    | Note
-------+----------+-------------------------------------------
     0 | D:1      | cforsyth the Coglin Gladiator began the quest for the Orb.
     0 | D:1      | Reached XP level 1. HP: 16/16 MP: 1/1
    51 | D:1      | Reached XP level 2. HP: 22/22 MP: 2/2
   142 | D:1      | Reached skill level 1 in Armour
   206 | D:1      | Reached XP level 3. HP: 28/28 MP: 3/3
  1092 | D:2      | Noticed Natasha
  1103 | D:2      | Killed Natasha
  1104 | D:2      | Reached skill level 3 in Fighting
  1104 | D:2      | Reached XP level 4. HP: 12/35 MP: 4/4
  1772 | D:3      | Reached skill level 2 in Armour
  1774 | D:3      | Reached skill level 4 in Axes
  1774 | D:3      | Reached XP level 5. HP: 41/41 MP: 5/5
  1933 | D:3      | Identified the +2 leather armour of Ashenzari's Grace
                  | {rElec rN+}
  1974 | D:3      | Found a faded altar of an unknown god.
  1974 | D:3      | Noticed a chaos spawn
  2264 | D:4      | Noticed a lemure
  2264 | D:4      | Noticed a lemure
  2264 | D:4      | Noticed Pikel
  2264 | D:4      | Noticed a lemure
  2270 | D:4      | Noticed a lemure
  2282 | D:3      | Killed a lemure
  2440 | D:4      | Reached XP level 6. HP: 48/48 MP: 6/6
  2494 | D:4      | Reached skill level 4 in Fighting
  2600 | D:4      | HP: 3/48 [Pikel/+0 whip of flaming (7)]
  2601 | D:4      | Slain by Pikel

Vanquished Creatures
  A lemure (D:3)
  A scorpion (D:4)
  Natasha (D:2)
  An iguana (D:4)
  An orc wizard (D:4)
  4 adders
  2 dart slugs (D:3)
  2 ribbon worms
  5 orcs (D:4)
  5 bats
  12 endoplasms
  4 giant cockroaches
  5 goblins
  8 hobgoblins
  9 kobolds
  2 quokkas
  4 ball pythons
  3 frilled lizards
  10 rats
80 creatures vanquished.

Table legend: (Time is in decaauts)
 A = Elapsed time spent in this place.
 B = Non-inter-level travel time spent in this place.
 C = Inter-level travel time spent in this place.
 D = Time resting spent in this place.
 E = Time spent auto-exploring this place.
 F = Levels seen in this place.
 G = Mean time per level.
                   A        B        C        D        E       F      G
               +--------+--------+--------+--------+--------+-----+--------+
         Total |   2644 |   2531 |    113 |    140 |   1827 |   4 |  661.0 |
       Dungeon |   2644 |   2531 |    113 |    140 |   1827 |   4 |  661.0 |
               +--------+--------+--------+--------+--------+-----+--------+

Top non-repeatable levels by time:
     D:2: 1024 daAuts
     D:3: 670 daAuts
     D:1: 487 daAuts
     D:4: 460 daAuts

Table legend:
 A = Non-vault XP
 B = Vault XP
 C = Vault XP percentage of total XP
 D = Non-vault monster count
 E = Vault monster count
 F = Vault count percentage of total count
                 A         B        C        D         E       F
            +---------+---------+-------+---------+---------+-------
      Total |     292 |      80 |  21.5 |      68 |      11 |  13.9
            +---------+---------+-------+---------+---------+-------
        D:1 |      46 |       0 |   0.0 |      28 |       0 |   0.0
        D:2 |      24 |      36 |  60.0 |      14 |       1 |   6.7
        D:3 |      25 |      38 |  60.3 |       8 |       7 |  46.7
        D:4 |     197 |       6 |   3.0 |      18 |       3 |  14.3
            +---------+---------+-------+---------+---------+-------
